 Dungeon Crawl Stone Soup version 0.29.0-11-gd7f09526c8 (webtiles) character file.

Game seed: 10747366273692082881

145 greasedhog the Sneak (level 5, -3/32 HPs)
             Began as a Kobold Hedge Wizard on Sept 6, 2022.
             Slain by an orc
             ... wielding a +0 whip
              (5 damage)
             ... on level 3 of the Dungeon.
             The game lasted 00:02:43 (2928 turns).

greasedhog the Sneak (Kobold Hedge Wizard)          Turns: 2928, Time: 00:02:44

Health: -3/32      AC:  2    Str:  8    XL:     5   Next: 53%
Magic:  9/9        EV: 15    Int: 15    God:
Gold:   179        SH:  5    Dex: 16    Spells: 7/10 levels left

rFire   . . .      SeeInvis .   k - +1 short sword (venom)
rCold   . . .      Faith    .   (no shield)
rNeg    . . .      Spirit   .   b - +0 robe
rPois   .          Reflect  +   c - +0 hat
rElec   .          Harm     .   (no cloak)
rCorr   .          Rampage  .   (no gloves)
Will    .....                   (no boots)
Stlth   ++++......              e - amulet of reflection
HPRegen 0.10/turn               (no ring)
MPRegen 0.11/turn               (no ring)

@: on berserk cooldown, slowed, very slow
A: small, no large weapons, nightstalker 3
a: no special abilities


You were on level 3 of the Dungeon.
You visited 1 branch of the dungeon, and saw 3 of its levels.

You collected 179 gold pieces.

Inventory:

Hand Weapons
 a - a +0 dagger
 k - a +1 short sword of venom (weapon)
Armour
 b - a +0 robe (worn)
 c - a +0 hat (worn)
Jewellery
 e - an amulet of reflection (around neck)
 j - a +4 ring of slaying
Wands
 m - a wand of iceblast (10)
Scrolls
 f - 3 scrolls of identify
Potions
 d - a potion of magic
 g - a potion of flight


   Skills:
 * Level 2.8 Fighting
 * Level 3.4 Short Blades
 - Level 2.4 Dodging
 * Level 4.9 Stealth
 - Level 3.2 Spellcasting
 - Level 1.0 Conjurations
 - Level 1.0 Summonings
 - Level 1.0 Translocations


You had 7 spell levels left.
You knew the following spells:

 Your Spells              Type           Power      Damage    Failure   Level
a - Magic Dart            Conj           20%        1d4       13%         1
b - Blink                 Tloc           10%        N/A       21%         2

Your spell library contained the following spells:

 Spells                   Type           Power      Damage    Failure   Level
 Slow                     Hex            8%         N/A       21%         1
 Call Imp                 Summ           5%         N/A       21%         2
 Conjure Flame            Conj/Fire      3%         6-21      43%         3
 Mephitic Cloud           Conj/Pois/Air  3%         N/A       45%         3
 Manifold Assault         Tloc           5%         N/A       98%         5
 Storm Form               Tmut/Air       1%         N/A       100%        7


Dungeon Overview and Level Annotations

Branches:
Dungeon (3/15)

Altars:
Qazlal


Innate Abilities, Weirdness & Mutations

You are small and have problems with some larger weapons.
You are completely attuned to the shadows.


Message History

The orc priest invokes the aid of Beogh against you.
Beogh smites you!
* * * LOW HITPOINT WARNING * * *
Things that are here:
a +0 dagger; an orc corpse You closely miss the orc.
The orc barely misses you.
You puncture the orc!
You kill the orc!
The orc priest completely misses you.
Things that are here:
a +0 mace; a +0 leather armour; an orc corpse You puncture the orc priest!
The orc priest is poisoned.
The orc priest is heavily wounded.
A worm comes into view.
The orc priest hits you with a +0 hand axe.
* * * LOW HITPOINT WARNING * * *
The orc priest calls upon Beogh to heal the orc priest.
The orc priest is healed somewhat.
You hit the orc priest.
The orc priest looks as sick as possible!
The orc priest is moderately wounded.
Things that are here:
a +0 dagger; an orc corpse You feel a strong urge to attack something.
You are no longer berserk.
You are exhausted.
You feel yourself slow down.
Aiming: Iceblast
Press: ? - help, Shift-Dir - straight line, f - orc priest
Aim: an orc priest, wielding a +0 hand axe and wearing a +0 leather armour (almost dead, extremely poisoned)
The mass of ice explodes!
The iceblast engulfs the orc priest.
You kill the orc priest!
You hear an angry hiss.
The orc misses you.
The orc priest shouts!
You hit the orc but do no damage.
The orc is poisoned.
You punch the orc.
The orc is heavily wounded.
You block the orc's attack. The orc hits you with a +0 whip.
You die...

..##..#.#.##.#.##.....#.......#
.....†..#...........###.#######
......#.#...............
.#....#.........#.......
........................
##....##............##..
#................
.##.....######.####
...........@ooo......
#..##.........##.####..
#..###.#.####.##.o......
#..#....... #..#.......
#..#.###.#. #..###o##.# #....##
.# #..###)##o### ####....... .
#......).o$.# #....#...##
#..#...##.#.# .....#...# .
...#...().#


You could see 3 orcs.

Vanquished Creatures
  An orc priest (D:3)
  An orc wizard (D:3)
  3 gnolls (D:2)
  An adder (D:2)
  2 worms (D:3)
  A dart slug (D:1)
  2 orcs (D:3)
  9 ball pythons
  7 endoplasms
  A giant cockroach (D:3)
  2 goblins
  3 hobgoblins
  A quokka (D:3)
  4 bats
  2 frilled lizards (D:2)
  3 kobolds
  7 rats
50 creatures vanquished.

Notes
Turn   | Place    | Note
-------+----------+-------------------------------------------
     0 | D:1      | greasedhog the Kobold Hedge Wizard began the quest for the
                  | Orb.
     0 | D:1      | Reached XP level 1. HP: 10/10 MP: 4/4
   437 | D:1      | Reached skill level 3 in Stealth
   461 | D:1      | Reached skill level 1 in Short Blades
   461 | D:1      | Reached XP level 2. HP: 16/16 MP: 0/6
   829 | D:1      | Reached skill level 1 in Fighting
  1295 | D:1      | Reached XP level 3. HP: 20/20 MP: 0/7
  1768 | D:2      | Found a faded altar of an unknown god.
  2022 | D:2      | Learned a level 2 spell: Blink
  2115 | D:2      | Reached XP level 4. HP: 21/26 MP: 8/8
  2119 | D:2      | Reached skill level 4 in Stealth
  2619 | D:3      | Found a stormy altar of Qazlal.
  2889 | D:3      | Reached XP level 5. HP: 31/31 MP: 9/9
  2917 | D:3      | HP: 1/46 [orc priest/+0 hand axe (2)]
  2928 | D:3      | Slain by an orc

Illustrated notes

Levels and vault maps discovered:
D:1:      minmay_arrival_shattered_statue, layout_loops_corners, minivault_27,
          minmay_misc_feat_ornament
D:2:      layout_basic, shapermc_ecumenical_altar_totnotflames
D:3:      layout_basic, mainiacjoe_overflow_small_starburst

Skill      XL: |  1  2  3  4 |
---------------+-------------+-----
Stealth        | 3 4 |  4.9
Short Blades   | 1 2 3 |  3.4
Fighting       | 1 2 |  2.8
Dodging        | |  2.4
Spellcasting   | |  3.2
Conjurations   | |  1.0
Summonings     | |  1.0
Translocations | |  1.0

Action                   |  1- 3 |  4- 6 || total
-------------------------+-------+-------++-------
Melee: Dagger            |    10 |       ||    10
       Short sword       |    21 |    53 ||    74
       Punch             |       |     1 ||     1
 Cast: Magic Dart        |    34 |       ||    34
Evoke: Wand              |       |     1 ||     1
  Use: Scroll            |       |     4 ||     4
       Potion            |       |     2 ||     2
 Stab: Sleeping          |     5 |     7 ||    12
Armor: Robe              |     4 |     3 ||     7
Dodge: Dodged            |    25 |    36 ||    61
Block: Other             |     6 |     8 ||    14
